 Dungeon Crawl Stone Soup version 0.28-a0-1510-gd0f6b136d3 (webtiles) character file.

Game seed: 4189306801930133967

37 siradein the Insei (level 3, 0/28 HPs)
             Began as a Djinni Transmuter on Jan 14, 2022.
             Slain by a goblin (1 damage)
             ... led by Robin
             ... on level 2 of the Dungeon.
             The game lasted 00:03:14 (1766 turns).

siradein the Insei (Djinni Transmuter)              Turns: 1766, Time: 00:03:15

Health: 0/28       AC:  2    Str:  9    XL:     3   Next: 62%
Gold:   85         EV: 12    Int: 22    God:
                   SH:  0    Dex: 13

rFire   + + .      SeeInvis .   d - +0 spear
rCold   x . .      Faith    .   (no shield)
rNeg    . . .      Spirit   .   a - +0 robe
rPois   ∞          Reflect  .   (no helmet)
rElec   .          Harm     .   (no cloak)
rCorr   .          Rampage  .   (no gloves)
Will    .....                   (boots unavailable)
Stlth   +.........              (no amulet)
HPRegen 0.09/turn               f - +6 ring of intelligence
MPRegen 0.00/turn               (no ring)

@: flying
A: sickness immunity, fire resistance 2, cold vulnerability 1, float, innate
caster, hp casting, extra vitality 1
a: no special abilities


You were on level 2 of the Dungeon.
You visited 1 branch of the dungeon, and saw 2 of its levels.

You collected 85 gold pieces.

Inventory:

Hand Weapons
 d - a +0 spear (weapon)
Armour
 a - a +0 robe (worn)
Jewellery
 f - a +6 ring of intelligence (left hand)
Scrolls
 c - 2 scrolls of fog {unknown}
 e - a scroll of magic mapping {unknown}
 g - a scroll of identify {unknown}
 i - a scroll of noise {unknown}
Potions
 b - a potion of heal wounds {unknown}
 h - a potion of degeneration {unknown}
 j - a potion of lignification {unknown}


   Skills:
 + Level 1.6 Fighting
 + Level 2.6 Dodging
 + Level 3.2 Unarmed Combat
 * Level 2.1 Spellcasting


You couldn't memorise any spells.
You knew the following spells:

 Your Spells              Type           Power      Damage    Failure   Level
a - Beastly Appendage     Tmut           22%        N/A       5%          1
b - Wereblood             Tmut           11%        N/A       9%          2
c - Spider Form           Tmut/Pois      11%        N/A       17%         3
d - Ice Form              Ice/Tmut       11%        N/A       50%         4
e - Summon Small Mammal   Summ           44%        N/A       5%          1
Your spell library was empty.

Dungeon Overview and Level Annotations

Branches:
Dungeon (2/15)

Altars:

Annotations:
D:2 Robin


Innate Abilities, Weirdness & Mutations

You are immune to sickness and miasma.
You are immune to poison.
Your flesh is very heat resistant. (rF++)
You are vulnerable to cold. (rC-)
You float through the air rather than walking.
You learn spells naturally, not from books.
Your magical power is your life essence.
You have superior vitality. (+4 MHP)


Message History

Your transformation is almost over.
Robin shouts!
The hobgoblin shouts!
Robin roars a battlecry!
The goblins go into a battle-frenzy!
You barely miss the goblin. The goblin barely misses you.
You closely miss the goblin. The goblin misses you.
A goblin comes into view. It is wielding a +0 club.
You hit the goblin.
The goblin is severely wounded.
The goblin hits you but does no damage.
You barely miss the goblin. Your headbutt misses the goblin.
The goblin is severely wounded.
A goblin comes into view. It is wielding a +0 club.
The goblin barely misses you. The goblin hits you with a +0 dagger.
The goblin shouts!
You hit the goblin.
You kill the goblin!
You barely miss Robin. Robin hits you with a +0 club. Robin misses you.
The hobgoblin hits you.
You closely miss Robin. Robin throws the goblin at you!
The hobgoblin barely misses you. The goblin completely misses you.
You completely miss Robin. The hobgoblin misses you.
The goblin hits you with a +0 club.
You hit Robin.
Robin is lightly wounded.
Your horns disappear.
The goblin closely misses you.
You hit Robin but do no damage.
Robin is lightly wounded.
The hobgoblin hits you. Robin hits you with a +0 club.
The goblin hits you but does no damage.
You hit Robin.
Robin is lightly wounded.
The goblin hits you with a +0 club.
* * * LOW HITPOINT WARNING * * *
The hobgoblin hits you.
* * * LOW HITPOINT WARNING * * *
Robin closely misses you. The goblin closely misses you. The goblin misses you.
Robin throws the goblin at you! The goblin hits you with a +0 club.
You die...

######### .#.# ###
#.......# ...
...####.......######.####
..........>..............
##...##.......###....###
###.#######......#### #.#
#.###...# #.# #.#.ggg.#
#.#######.#.g@..#
#.......#...#.#.#
######.####.#.#.#
#....#.# #.#.#.#
#......####.#.#.#
#<##......#.#?#
#.#######.#.#.# #.. # #..
#.##


You could see Robin, a hobgoblin (strong) and 2 goblins.

Vanquished Creatures
  2 dart slugs (D:1)
  5 bats (D:1)
  2 endoplasms (D:1)
  4 goblins
  A hobgoblin (D:2)
  7 kobolds (D:1)
  A quokka (D:1)
  2 ball pythons (D:1)
  7 frilled lizards
  3 rats (D:1)
34 creatures vanquished.

Notes
Turn   | Place    | Note
-------+----------+-------------------------------------------
     0 | D:1      | siradein the Djinni Transmuter began the quest for the Orb.
     0 | D:1      | Reached XP level 1. HP: 17/17 MP: 0/0
   574 | D:1      | Reached XP level 2. HP: 21/22 MP: 0/0
  1023 | D:1      | Found a faded altar of an unknown god.
  1046 | D:1      | Reached XP level 3. HP: 27/27 MP: 0/0
  1046 | D:1      | Learned a level 1 spell: Summon Small Mammal
  1754 | D:2      | Noticed Robin
  1765 | D:2      | HP: 1/28 [hobgoblin[Robin] (3)]
  1766 | D:2      | Slain by a goblin

Illustrated notes

Levels and vault maps discovered:
D:1:      dpeg_arrival_refuge, layout_basic,
          shapermc_ecumenical_altar_totnotflames, minivault_24,
          hangedman_feature_mirror, minmay_pentomino_w4
D:2:      layout_basic, grunt_ministairs_9, uniq_robin

Skill      XL: |  1  2 |
---------------+-------+-----
Spellcasting   | 2 |  2.1
Fighting       | |  1.6
Dodging        | |  2.6
Unarmed Combat | |  3.2

Action                   || total
-------------------------++-------
Melee: Spear             ||   104
       Headbutt          ||    14
       Unarmed           ||     1
       Punch             ||     1
 Cast: Beastly Appendage ||    21
 Stab: Sleeping          ||     2
Armor: Robe              ||    16
Dodge: Dodged            ||    67

Table legend: (Time is in decaauts)
 A = Elapsed time spent in this place.
 B = Non-inter-level travel time spent in this place.
 C = Inter-level travel time spent in this place.
 D = Time resting spent in this place.
 E = Time spent auto-exploring this place.
 F = Levels seen in this place.
 G = Mean time per level.
                   A        B        C        D        E       F      G
               +--------+--------+--------+--------+--------+-----+--------+
         Total |   1775 |   1769 |      6 |     37 |   1478 |   2 |  887.5 |
       Dungeon |   1775 |   1769 |      6 |     37 |   1478 |   2 |  887.5 |
               +--------+--------+--------+--------+--------+-----+--------+

Top non-repeatable levels by time:
     D:1: 1710 daAuts
     D:2: 64 daAuts
